 Dungeon Crawl Stone Soup version 0.29.1-4-g47bece8355 (webtiles) character file.

Game seed: 449916573927047758

479 raph the Firebug (level 7, 0/38 HPs)
             Began as a Tengu Fire Elementalist on Dec 6, 2022.
             Slain by Duvessa
             ... wielding a +0 short sword
              (5 damage)
             ... on level 5 of the Dungeon.
             The game lasted 00:07:10 (5759 turns).

raph the Firebug (Tengu Fire Elementalist)          Turns: 5759, Time: 00:07:10

Health: 0/38       AC:  6    Str:  9    XL:     7   Next: 11%
Magic:  9/11       EV: 14    Int: 17    God:
Gold:   200        SH:  0    Dex: 18    Spells: 2/11 levels left

rFire   . . .      SeeInvis .   a - +4 dagger (speed)
rCold   . . .      Faith    .   (no shield)
rNeg    + . .      Spirit   .   t - +0 leather armour "Zozxecla" {Dex+4}
rPois   .          Reflect  .   (helmet restricted)
rElec   .          Harm     .   v - +2 cloak
rCorr   .          Rampage  .   (no gloves)
Will    .....                   (boots unavailable)
Stlth   ++........              x - amulet of regeneration
HPRegen 0.92/turn               o - ring of wizardry
MPRegen 0.12/turn               q - ring of positive energy

@: lethally poisoned (0 -> -3), about to teleport, flying quickly and evasively,
quick
A: beak, talons 3, nimble flight
a: no special abilities


You were on level 5 of the Dungeon.
You visited 1 branch of the dungeon, and saw 5 of its levels.

You collected 200 gold pieces.

Inventory:

Hand Weapons
 a - a +4 dagger of speed (weapon)
 j - a +0 dagger
Missiles
 w - 5 boomerangs
Armour
 n - a +0 robe
 t - the +0 leather armour "Zozxecla" (worn) {Dex+4}
   (You found it on level 4 of the Dungeon)

   Dex:       It affects your dexterity (+4).
 v - a +2 cloak (worn)
Jewellery
 o - a ring of wizardry (left hand)
 q - a ring of positive energy (right hand)
 u - an amulet of guardian spirit
 x - an amulet of regeneration (around neck)
Wands
 s - a wand of polymorph (12)
Scrolls
 g - 4 scrolls of teleportation
 r - a scroll of summoning
Potions
 b - 2 potions of magic
 c - 2 potions of flight
 d - 4 potions of curing
 e - 2 potions of might {unknown}
 f - a potion of haste {unknown}
 h - 2 potions of degeneration {unknown}
 i - 5 potions of mutation
 k - a potion of resistance {unknown}
 l - 3 potions of brilliance {unknown}
 m - a potion of cancellation {unknown}
 p - 3 potions of heal wounds


   Skills:
 + Level 1.4 Fighting
 - Level 2.1 Dodging
 - Level 2.0 Stealth
 + Level 2.5 Spellcasting
 + Level 2.6 Conjurations
 + Level 7.8 Fire Magic


You had 2 spell levels left.
You knew the following spells:

 Your Spells              Type           Power      Damage    Failure   Level
a - Foxfire               Conj/Fire      80%        2x1d8     1%          1
b - Scorch                Fire           56%        2d8       1%          2
c - Conjure Flame         Conj/Fire      20%        6-21      3%          3
d - Inner Flame           Hex/Fire       15%        N/A       6%          3

Your spell library contained the following spells:

 Spells                   Type           Power      Damage    Failure   Level
 Flame Wave               Conj/Fire      20%        2d7       12%         4


Dungeon Overview and Level Annotations

Branches:
Dungeon (5/15)
 Temple: D:4-7

Altars:
Ru

Shops:
D:5 =

Annotations:
D:3 2 transporters, GreyOathDragon's ghost, amateur DsFi
D:5 Dowan; Duvessa


Innate Abilities, Weirdness & Mutations

You have a beak for a mouth.
You have claws for feet.
Your magical nature lets you fly swiftly and evasively.


Message History

p - 3 potions of heal wounds (gained 1)
g - 5 scrolls of teleportation (gained 1)
There is a stone staircase leading up here.
A water moccasin comes into view.
Duvessa, Sister of Dowan comes into view.
She is wielding a +0 short sword.
Found 10 gold pieces.
The water moccasin hisses angrily.
You hear a shout!
Dowan, Brother of Duvessa comes into view.
He is wielding a +0 dagger.
Dowan casts a spell.
Dowan blinks!
The water moccasin misses you.
Duvessa shouts!
Casting: Scorch (safe; 1% risk of failure)
Confirm with . or Enter, or press ? or * to list all spells.
Flames lash the water moccasin.
The water moccasin is moderately wounded.
The water moccasin's fire resistance burns away.
Dowan points at Duvessa and mumbles some strange words.
Duvessa seems to speed up.
The water moccasin closely misses you.
The water moccasin attacks as you move away!
The water moccasin closely misses you. Duvessa attacks as you move away!
Duvessa hits you with a +0 short sword.
The water moccasin attacks as you move away!
The water moccasin bites you but does no damage.
The water moccasin bites you.
You are poisoned.
The water moccasin poisons you! Duvessa attacks as you move away!
Duvessa hits you with a +0 short sword!
The water moccasin attacks as you move away!
The water moccasin bites you!
You feel very sick.
You feel very sick.
The water moccasin is no longer more vulnerable to fire.
Duvessa hits you with a +0 short sword.
* * * LOW HITPOINT WARNING * * *
As you read the scroll of teleportation, it crumbles to dust.
You feel strangely unstable.
* * * LOW HITPOINT WARNING * * *
You feel very sick. Duvessa hits you with a +0 short sword.
You die...

###### #$...#####
+.........
###########........#
#.......@eS...e....+
#<########...?.....#
#........#.###.....#
#.#.#.##.#.# .....#
#.#......#.# #####
#.###.####.. ########
#.#......#.#######.......
#.#.#....#>..............
#.#.##############.###.#.


You could see Duvessa (fast), a water moccasin and Dowan.

Vanquished Creatures
  A phantom (D:5)
  A scorpion (D:5)
  A necrophage (D:5)
  A hound (D:4)
  Natasha (thrice) (D:2)
  Ijyb (D:4)
  5 adders
  2 gnolls (D:1)
  A river rat (D:3)
  An ufetubus (D:4)
  9 dart slugs
  A worm (D:2)
  3 orcs
  6 ball pythons
  3 bats
  3 endoplasms
  2 giant cockroaches (D:3)
  5 goblins
  2 hobgoblins (D:3)
  9 jackals
  4 quokkas
  3 frilled lizards
  5 kobolds
  4 rats (D:3)
76 creatures vanquished.

Vanquished Creatures (others)
  204 foxfires
  8 plants (D:2)
212 creatures vanquished.

Grand Total: 288 creatures vanquished

Notes
Turn   | Place    | Note
-------+----------+-------------------------------------------
     0 | D:1      | raph the Tengu Fire Elementalist began the quest for the
                  | Orb.
     0 | D:1      | Reached XP level 1. HP: 10/10 MP: 4/4
   169 | D:1      | Reached skill level 4 in Fire Magic
   169 | D:1      | Reached XP level 2. HP: 15/15 MP: 0/6
   938 | D:1      | Reached XP level 3. HP: 19/19 MP: 2/7
   941 | D:1      | Learned a level 2 spell: Scorch
   945 | D:1      | Learned a level 3 spell: Conjure Flame
  1683 | D:2      | Reached skill level 5 in Fire Magic
  1961 | D:2      | Noticed Natasha
  1964 | D:2      | Killed Natasha
  1965 | D:2      | Reached XP level 4. HP: 4/24 MP: 1/8
  2338 | D:2      | Noticed Natasha
  2344 | D:2      | Killed Natasha
  2351 | D:2      | Noticed Natasha
  2358 | D:2      | Killed Natasha
  2359 | D:2      | Reached skill level 6 in Fire Magic
  2359 | D:2      | Gained mutation: Your magical nature lets you fly swiftly
                  | and evasively. [Tengu growth]
  2359 | D:2      | Reached XP level 5. HP: 20/28 MP: 1/9
  2598 | D:2      | Found a faded altar of an unknown god.
  3031 | D:3      | Noticed GreyOathDragon's ghost (amateur DsFi)
  3031 | D:3      | Noticed an ogre
  3031 | D:3      | Noticed an ogre
  3032 | D:3      | Found a transporter.
  3032 | D:3      | Noticed an ogre
  4069 | D:3      | Found a transporter.
  4180 | D:4      | Reached skill level 7 in Fire Magic
  4281 | D:4      | Reached XP level 6. HP: 32/32 MP: 4/10
  4287 | D:4      | Noticed Ijyb
  4374 | D:4      | Killed Ijyb
  4565 | D:4      | Identified the +0 leather armour "Zozxecla" {Dex+4}
  4581 | D:4      | Learned a level 3 spell: Inner Flame
  5018 | D:5      | Entered Level 5 of the Dungeon
  5123 | D:5      | Reached skill level 1 in Fighting
  5312 | D:5      | Reached XP level 7. HP: 38/38 MP: 4/11
  5391 | D:5      | Found a sacrificial altar of Ru.
  5673 | D:5      | Found Qegad's One-of-a-Kind Rings.
  5751 | D:5      | Noticed Duvessa
  5752 | D:5      | Noticed Dowan
  5759 | D:5      | Slain by Duvessa

Illustrated notes

Levels and vault maps discovered:
D:1:      tarquinn_simple_flora_water_e, layout_basic, minmay_distorted
D:2:      layout_rooms, dilly_ecumenical_altar_fadedgnrine,
          hangedman_decor_clover_reticule, minmay_unequal, uniq_natasha
D:3:      layout_basic, portal_sewer_entry_b, gammafunk_ghost_smash
D:4:      layout_basic, minmay_misc_feat_plants, uniq_ijyb
D:5:      layout_basic, lemuel_crystal_altar, nicolae_shop_unique_rings,
          uniq_duvessa

Skill      XL: |  1  2  3  4  5  6 |
---------------+-------------------+-----
Fire Magic     | 4 5 6 7 |  7.8
Fighting       | 1 |  1.4
Conjurations   | 2 |  2.6
Dodging        | |  2.1
Stealth        | |  2.0
Spellcasting   | |  2.5

Action                   |  1- 3 |  4- 6 |  7- 9 || total
-------------------------+-------+-------+-------++-------
Melee: Dagger            |     9 |    30 |       ||    39
       Kick              |     2 |     7 |       ||     9
       Peck              |     1 |     6 |       ||     7
 Cast: Foxfire           |    61 |    66 |       ||   127
       Scorch            |     4 |    36 |     5 ||    45
       Conjure Flame     |     1 |       |       ||     1
  Use: Scroll            |     7 |     6 |     2 ||    15
 Stab: Sleeping          |       |     3 |       ||     3
Armor: Robe              |     2 |     3 |       ||     5
       Leather armour    |       |       |     1 ||     1
Dodge: Dodged            |     5 |    24 |     4 ||    33
